 Dungeon Crawl Stone Soup version 0.31-a0-236-g9a0961fb85 (webtiles) character file.

Game seed: 3295557323463967651

1619 Newt the Skirmisher (level 9, -1/42 (48) HPs)
             Began as a Kobold Hunter on July 10, 2023.
             Was a Follower of Hepliaklqana.
             Succumbed to their own dark miasma
             ... on level 7 of the Dungeon.
             The game lasted 00:05:55 (6151 turns).

Newt the Skirmisher (Kobold Hunter)                 Turns: 6151, Time: 00:05:55

HP:   -1/42 (48)    AC:  8    Str:  8    XL:     9   Next: 17%
MP:   12/18         EV: 22    Int: 13    God:    Hepliaklqana [*.....]
Gold: 392           SH:  0    Dex: 20    Spells: 16/20 levels left

rFire   . . .        a - +1 shortbow
rCold   . . .        (shield currently unavailable)
rNeg    . . .        B - +0 steam dragon scales
rPois   .            (no helmet)
rElec   .            t - +2 cloak {Stlth+}
rCorr   .            (no gloves)
SInv    .            (no boots)
Will    .....        p - amulet of guardian spirit
Stlth   ++++         l - +5 ring of evasion
HPRegen 0.27/turn    k - ring of wizardry
MPRegen 0.16/turn

%: guardian spirit, wizardry (x1)
@: lethally poisoned (-1 -> -25), slowed, studying Spellcasting, heavily
drained, very slow
A: reduced essence, small, no large weapons, nightstalker 3
a: Renounce Religion, Recall Ancestor, Ancestor Identity


You were on level 7 of the Dungeon.
You worshipped Hepliaklqana.
Hepliaklqana was aware of your devotion.
You visited 2 branches of the dungeon, and saw 8 of its levels.

You collected 392 gold pieces.

Inventory:

Hand Weapons
 a - a +1 shortbow (weapon)
 i - a +0 club
Missiles
 A - 2 throwing nets
Armour
 c - a +1 leather armour
 j - a +0 cloak
 q - the +4 cloak of the Moon {Will- Str+8 Dex+3}
   (You found it on level 4 of the Dungeon)

   Str:       It affects your strength (+8).
   Dex:       It affects your dexterity (+3).
   Will:      It decreases your willpower.
 t - a +2 cloak of stealth (worn)
 B - +0 steam dragon scales (worn)
Jewellery
 k - a ring of wizardry (right hand)
 l - a +5 ring of evasion (left hand)
 m - a ring of ice
 p - an amulet of guardian spirit (around neck)
Wands
 v - a wand of mindburst (10)
Scrolls
 b - a scroll of butterflies
 d - a scroll of silence
 x - a scroll of amnesia
 y - 4 scrolls of teleportation
 C - a scroll of blinking {unknown}
Potions
 e - 3 potions of haste
 f - 2 potions of magic {unknown}
 g - 3 potions of enlightenment
 h - a potion of curing {unknown}
 n - a potion of cancellation {unknown}
 o - 3 potions of degeneration {unknown}
 r - a potion of berserk rage {unknown}
 s - 2 potions of invisibility {unknown}
 u - 3 potions of attraction {unknown}
 w - a potion of resistance {unknown}
 z - a potion of ambrosia {unknown}


   Skills:
 - Level 5.0 Fighting
 - Level 10.0 Ranged Weapons
 - Level 5.0 Dodging
 - Level 1.3 Stealth
 + Level 6.3 Spellcasting
 + Level 4.7 Transmutations


You had 16 spell levels left.
You knew the following spells:

 Your Spells              Type           Power      Damage    Failure   Level
a - Wereblood             Tmut           16%        N/A       1%          2
b - Cigotuvi's Dreadful   Necr/Pois/Air  8%         N/A       10%         2

Your spell library contained the following spells:

 Spells                   Type           Power      Damage    Failure   Level
 Beastly Appendage        Tmut           32%        N/A       1%          1
 Foxfire                  Conj/Fire      16%        2x1d4     6%          1
 Spider Form              Tmut/Pois      10%        N/A       8%          3
 Ignite Poison            Fire/Tmut/Pois 8%         N/A       11%         3
 Stone Arrow              Conj/Erth      8%         3d7       19%         3
 Animate Armour           Summ/Erth      8%         N/A       52%         4
 Fireball                 Conj/Fire      2%         3d4       85%         5
 Freezing Cloud           Conj/Ice/Air   2%         6-21      85%         5
 Plasma Beam              Fire/Air       2%         2x1d12    100%        6
 Starburst                Conj/Fire      2%         6d3       100%        6
 Lehudib's Crystal Spear  Conj/Erth      2%         10d2      100%        8


Dungeon Overview and Level Annotations

Branches:
Dungeon (7/15)             Temple (1/1) D:4

Altars:
Ashenzari
Cheibriados
Elyvilon
Gozag
Hepliaklqana
Kikubaaqudgha
Nemelex Xobeh
Okawaru
Qazlal
Ru
Sif Muna
Trog
Vehumet
Wu Jian
Xom
Yredelemnul
Zin


Innate Abilities, Weirdness & Mutations

Your life essence is reduced to manifest your ancestor. (-10% HP)
You are small and have problems with some larger weapons.
You are completely attuned to the shadows.


Message History

You shoot an arrow. The arrow hits the jelly!
The jelly is almost dead.
The jelly hits Ælfric but does no damage. Ælfric hits the jelly.
The jelly dies!
No target in view!
No target in view!
Found a stone.
You swap places.
Found a stone staircase leading up.
You now have 392 gold pieces (gained 14).
You swap places.
Found a scroll labelled UMOEMU EFUR.
You see here the +0 short sword "Axtohali" {venom, Fragile +Blink rF+ rN+}.
C - a scroll labelled UMOEMU EFUR
Okay, then.
A gnoll comes into view. It is wielding a +0 halberd.
A gnoll is nearby!
A gnoll is nearby!
Casting: Wereblood (safe; 1% risk of failure)
Confirm with . or Enter, or press ? or * to list all spells.
A part of your flesh rots into a cloud of miasma!
You feel drained.
You shoot an arrow. The arrow hits the gnoll.
The gnoll shouts!
The gnoll is lightly wounded.
You are engulfed in dark miasma.
You are poisoned.
You feel very sick.
You hear a shout! x2
You shoot an arrow. The arrow closely misses the gnoll.
You are engulfed in dark miasma.
You are lethally poisoned!
You feel yourself slow down.
You feel extremely sick.
A gnoll bouda comes into view. It is wielding a +0 club.
You swap places.
* * * LOW HITPOINT WARNING * * *
You feel extremely sick. Ælfric closely misses the gnoll.
The gnoll completely misses you.
You die...

#.# #.# #.#
#.#
####.#####)#
#...........
#.########..
#.# ### #.# #
############.#
#
..ggR.@......#
.#############


You could see the friendly Ælfric the ancestor, a gnoll bouda and a gnoll (ally
target).

Vanquished Creatures
  Pikel (D:4)
  Sigmund (D:4)
  A steam dragon (D:7)
  A phantom (D:5)
  A lemure (D:4)
  A kobold brigand (D:6)
  A gnoll sergeant (D:7)
  A scorpion (D:6)
  2 jellies (D:6)
  A hound (D:5)
  2 sleepcaps
  Crazy Yiuf (D:4)
  2 iguanas
  Natasha (D:4)
  2 orc wizards
  4 adders
  6 gnolls
  A white imp (D:7)
  3 ufetubi
  A worm (D:2)
  A dart slug (D:1)
  15 orcs
  8 bats
  6 endoplasms
  3 giant cockroaches
  5 goblins
  12 hobgoblins
  3 jackals (D:1)
  6 quokkas
  8 ball pythons
  2 frilled lizards
  11 kobolds
  11 rats
  A spectral orc (D:4)
126 creatures vanquished.

Vanquished Creatures (collateral kills)
  A hound (D:6)
  A sleepcap (D:7)
  A jelly (D:7)
  A gnoll (D:6)
  3 orcs
7 creatures vanquished.

Vanquished Creatures (others)
  An orc wizard (D:3)
  An ancestor (D:7)
2 creatures vanquished.

Grand Total: 135 creatures vanquished

Notes
Turn   | Place    | Note
-------+----------+-------------------------------------------
     0 | D:1      | Newt the Kobold Hunter began the quest for the Orb.
     0 | D:1      | Reached XP level 1. HP: 12/12 MP: 1/1
    61 | D:1      | Found a faded altar of an unknown god.
   102 | D:1      | Reached XP level 2. HP: 18/18 MP: 2/2
   306 | D:1      | Reached XP level 3. HP: 23/23 MP: 3/3
   811 | D:2      | Found a sacrificial altar of Ru.
  1278 | D:2      | Reached XP level 4. HP: 30/30 MP: 4/4
  1924 | D:3      | Reached skill level 5 in Fighting
  2068 | D:3      | Reached XP level 5. HP: 35/35 MP: 5/5
  2131 | D:3      | Found a shimmering blue altar of Sif Muna.
  2298 | D:3      | Reached skill level 6 in Ranged Weapons
  2703 | D:4      | Found a sparkling altar of Nemelex Xobeh.
  2710 | D:4      | Learned a level 2 spell: Wereblood
  2814 | D:4      | Identified the +4 cloak of the Moon {Will- Str+8 Dex+3}
  2954 | D:4      | Noticed Sigmund
  2967 | D:4      | Killed Sigmund
  2968 | D:4      | Reached skill level 8 in Ranged Weapons
  2968 | D:4      | Reached XP level 6. HP: 33/40 MP: 6/6
  3096 | D:4      | Found a bloodstained altar of Trog.
  3188 | D:4      | Noticed Pikel
  3227 | D:4      | Killed Pikel
  3228 | D:4      | Reached skill level 10 in Ranged Weapons
  3228 | D:4      | Reached XP level 7. HP: 38/44 MP: 5/7
  3228 | D:4      | Reached XP level 8. HP: 42/49 MP: 5/8
  3304 | D:4      | Found a staircase to the Ecumenical Temple.
  3315 | Temple   | Entered the Ecumenical Temple
  3730 | D:4      | Noticed Natasha
  3736 | D:4      | Killed Natasha
  3770 | D:4      | Found a hazy altar of Hepliaklqana.
  4024 | D:4      | Became a worshipper of Hepliaklqana the Forgotten
  4180 | D:4      | Found a runed translucent door.
  4183 | D:4      | Noticed Crazy Yiuf
  4192 | D:4      | Killed Crazy Yiuf
  4326 | D:5      | Entered Level 5 of the Dungeon
  4478 | D:5      | Reached skill level 5 in Dodging
  4583 | D:5      | Reached skill level 1 in Spellcasting
  4583 | D:5      | Reached skill level 1 in Transmutations
  4642 | D:5      | Found an ancient bone altar of Kikubaaqudgha.
  4912 | D:5      | Reached * piety under Hepliaklqana
  4954 | D:6      | Identified a scroll of acquirement
  4954 | D:6      | Acquired a manual of Spellcasting
  5855 | D:7      | Reached skill level 5 in Spellcasting
  5855 | D:7      | Reached XP level 9. HP: 46/48 MP: 15/17
  6039 | D:7      | Learned a level 2 spell: Cigotuvi's Dreadful Rot
  6122 | D:7      | Identified the +0 short sword "Axtohali" {venom, Fragile
                  | +Blink rF+ rN+}
  6151 | D:7      | Succumbed to their own dark miasma

Illustrated notes

Levels and vault maps discovered:
D:1:      minmay_arrival_five_plusses, layout_rooms, basic_ecumenical_altar,
          serial_glass, glass_columns_a, glass_columns_a, glass_columns_a
D:2:      layout_basic, basic_altar, chequers_serial_rivers_small_a
D:3:      layout_rooms, mainiacjoe_overflow_catwalk, minmay_joined_circles
D:4:      layout_basic, nicolae_hepliaklqana_monster_ancestors,
          nicolae_overflow_crystal_walls, trog_three_pillars_becter,
          minmay_temple_entry_wispy, hangedman_glass_teeth,
          minmay_stone_trees_small, uniq_pikel, uniq_crazy_yiuf_cottage,
          uniq_sigmund, uniq_natasha
D:5:      layout_rooms, overflow_temple_1_default
D:6:      layout_cave_pools, lexackson_kobold_supper
D:7:      layout_loops_ring, nicolae_overflow_hidden_temple, dk_noncrumbling_4
Temple:   minmay_temple_forest_path

Skill      XL: |  1  2  3  4  5  6  7  8  9 |
---------------+----------------------------+-----
Fighting       | 3 4 5 |  5.0
Ranged Weapons | 8 10 | 10.0
Dodging        | 4 5 |  5.0
Spellcasting   | 5 6 |  6.3
Transmutations | 4 |  4.7
Stealth        | |  1.3

Action                     |  1- 3 |  4- 6 |  7- 9 || total
---------------------------+-------+-------+-------++-------
   Fire: Shortbow          |    90 |   104 |   195 ||   389
   Cast: Wereblood         |       |     1 |     6 ||     7
         Cigotuvi's Dreadf |       |       |     1 ||     1
    Use: Scroll            |     3 |     5 |     3 ||    11
         Potion            |       |       |     1 ||     1
 Armour: Leather armour    |    14 |    11 |    11 ||    36
         Steam dragon scal |       |       |     2 ||     2
  Dodge: Dodged            |    39 |    53 |    64 ||   156

Table legend: (Time is in decaauts)
 A = Elapsed time spent in this place.
 B = Non-inter-level travel time spent in this place.
 C = Inter-level travel time spent in this place.
 D = Time resting spent in this place.
 E = Time spent auto-exploring this place.
 F = Levels seen in this place.
 G = Mean time per level.
                   A        B        C        D        E       F      G
               +--------+--------+--------+--------+--------+-----+--------+
         Total |   6168 |   5920 |    248 |    234 |   4936 |   8 |  771.0 |
       Dungeon |   5777 |   5551 |    226 |    234 |   4580 |   7 |  825.3 |
        Temple |    390 |    369 |     21 |      0 |    356 |   1 |  390.0 |
               +--------+--------+--------+--------+--------+-----+--------+

Top non-repeatable levels by time:
     D:2: 1247 daAuts
     D:4: 1244 daAuts
     D:6: 822 daAuts
     D:3: 815 daAuts
     D:1: 655 daAuts
     D:5: 619 daAuts
  Temple: 390 daAuts
     D:7: 372 daAuts
